 Dungeon Crawl Stone Soup version 0.31.0-12-g77e489cdc1 (webtiles) character file.

Game seed: 10037381409972316850

26286 firemarshallily the Warrior (level 13, 0/127 HPs)
             Began as a Barachi Fighter on Mar 5, 2024.
             Was a High Priest of the Shining One.
             Succumbed to their own poison gas
             ... in an ice cave.
             The game lasted 00:53:38 (16797 turns).

firemarshallily the Warrior (Barachi Fighter)      Turns: 16797, Time: 00:53:39

Health: 0/127      AC: 13    Str: 17 (20) XL:     13   Next: 25%
Magic:  4/24       EV: 11    Int: 15      God:    the Shining One [*****.]
Gold:   282        SH:  5    Dex: 11 (14) Spells: 23/27 levels left

rFire   . . .        a - +0 trident
rCold   + . .        c - +0 buckler
rNeg    + + .        N - +2 leather armour {rC+}
rPois   .            (no helmet)
rElec   .            K - +0 cloak
rCorr   .            i - +0 pair of gloves
SInv    .            e - +2 pair of boots
Will    +....        t - amulet of guardian spirit
Stlth   +            L - +4 ring of slaying
HPRegen 0.41/turn    x - +6 ring of intelligence
MPRegen 0.19/turn

%: guardian spirit
@: lethally poisoned (0 -> -41), unable to hop, enlightened, unable to call your
familiar, flying, glowing, invisible (but backlit and visible), slow
A: amphibious, slowness 1, strong legs 2, +LOS, robust 1
a: Hop, Renounce Religion, Divine Shield, Cleansing Flame, Summon Divine Warrior


You were in an ice cave.
You worshipped the Shining One.
The Shining One was extremely pleased with you.
You visited 2 branches of the dungeon, and saw 14 of its levels.
You also visited: Ice Cave.

You collected 936 gold pieces.
You spent 654 gold pieces at shops.

Inventory:

Hand Weapons
 a - a +0 trident (weapon)
Missiles
 n - 6 datura-tipped darts
 q - 4 boomerangs (quivered)
 r - a throwing net
 u - 25 poisoned darts
Armour
 b - a +0 scale mail
 c - a +0 buckler (worn)
 e - a +2 pair of boots (worn)
 g - a +0 kite shield
 i - a +0 pair of gloves (worn)
 p - a +0 troll leather armour
 E - a +0 leather armour of poison resistance
 K - a +0 cloak (worn)
 N - a +2 leather armour of cold resistance (worn)
Jewellery
 d - an amulet of magic regeneration
 t - an amulet of guardian spirit (around neck)
 x - a +6 ring of intelligence (right hand)
 z - a ring of see invisible
 B - a ring of willpower
 L - a +4 ring of slaying (left hand)
 Q - a ring of positive energy
Wands
 G - a wand of flame (11)
 I - a wand of mindburst (11)
Scrolls
 f - 4 scrolls of enchant armour
 h - 3 scrolls of blinking
 k - a scroll of vulnerability
 l - 3 scrolls of teleportation
 m - 2 scrolls of revelation
 s - 3 scrolls of amnesia
 v - 3 scrolls of enchant weapon
 w - a scroll of noise
 y - 4 scrolls of fear {unknown}
 C - a scroll of torment
 F - 2 scrolls of fog
 P - a scroll of poison
Potions
 j - a potion of might
 o - a potion of cancellation
 A - a potion of haste
 H - 3 potions of invisibility
 J - a potion of enlightenment
 R - a potion of attraction {unknown}


   Skills:
 * Level 15.3 Fighting
 * Level 12.1 Polearms
 + Level 11.3 Armour
 - Level 1.6 Dodging
 - Level 6.0 Shields
 + Level 7.8 Spellcasting
 - Level 6.0 Summonings


You had 23 spell levels left.
You knew the following spells:

 Your Spells              Type           Power      Damage    Failure   Level
a - Summon Small Mammal   Summ           96%        N/A       1%          1
b - Call Canine Familiar  Summ           24%        N/A       4%          3

Your spell library contained the following spells:

 Spells                   Type           Power      Damage    Failure   Level
 Slow                     Hex            20%        N/A       19%         1
 Summon Blazeheart Golem  Fire/Summ      14%        N/A       45%         4
 Confusing Touch          Hex            5%         N/A       47%         3
 Gell's Gravitas          Tloc           5%         N/A       47%         3
 Sigil of Binding         Hex            5%         N/A       47%         3
 Teleport Other           Tloc           5%         N/A       47%         3
 Tukima's Dance           Hex            5%         N/A       47%         3
 Vampiric Draining        Necr           5%         2d6       47%         3
 Dimensional Bullseye     Hex/Tloc       2%         N/A       87%         4
 Iskenderun's Mystic Bla  Conj/Tloc      5%         2d3       87%         4
 Vhi's Electric Charge    Tloc/Air       10%        N/A       87%         4
 Arcjolt                  Conj/Air       2%         1d12      99%         5
 Dispersal                Tloc           2%         N/A       100%        6
 Maxwell's Capacitive Co  Air            2%         ∞         100%        8


Dungeon Overview and Level Annotations

Branches:
Dungeon (11/15)            Temple (0/1) D:7            Lair (3/5) D:8
  IceCv (1/1)
  Swamp: Lair:2-3    Shoals: Lair:2-3     Snake: Lair:2-3    Spider: Lair:2-3
    Orc: D:9-12

Altars:
Cheibriados
Dithmenos
Uskayaw
Vehumet
Wu Jian
The Shining One

Shops:
D:3 :   D:10 *!

Annotations:
D:7 2 transporters, turdburglar's ghost, novice DrSh
Lair:1 exclusion: downstairs


Innate Abilities, Weirdness & Mutations

You are amphibious.
You cover ground slowly.
You can hop long distances.
You have an extended range of vision and can be seen from far away.
You are robust. (+10% HP)


Message History

You are engulfed in poison gas.
You are more poisoned.
You feel very sick.
Reach: a) +0 trident
Press: ? - help, Dir - move target, f/p - frost giant
Aim: a frost giant, wielding a +1 battleaxe of freezing (water, almost dead, very poisoned, haloed, about 3% to evade your +0 trident)
You reach to attack!
You hit the frost giant.
The frost giant is almost dead.
You are engulfed in poison gas.
You are lethally poisoned!
* * * LOW HITPOINT WARNING * * *
You feel extremely sick.
You kill the rime drake!
You feel better.
You are engulfed in poison gas.
You are poisoned.
You feel very sick.
You hit the frost giant.
The frost giant is almost dead.
You are engulfed in poison gas.
You are more poisoned.
* * * LOW HITPOINT WARNING * * *
You feel very sick.
Press: ? - help, v - describe, . - travel
Here: a frost giant, wielding a +1 battleaxe of freezing (water, almost dead, very poisoned, haloed) Some ice crusted deep water.
Unknown command.
You feel much better.
You are engulfed in poison gas.
You are more poisoned.
You feel extremely sick. The frost giant casts a spell at you.
The bolt of cold hits you!! You resist.
* * * LOW HITPOINT WARNING * * *
It was a potion of enlightenment.
You feel very buoyant.
You fly up into the air.
You are engulfed in poison gas.
You are more poisoned.
* * * LOW HITPOINT WARNING * * *
x2 You feel extremely sick.
The frost giant completely misses you.
It was a potion of invisibility.
You become transparent, but the glow from your halo prevents you from becoming completely invisible.
You die...

##.÷##
#..#...#..
#..##
##...##...
#.#.#
####.....
##..## ##..##
##..# ####
##.## ###.#.#
###≈≈°°##
#≈≈≈@≈##
####C≈≈#
#Y≈≈≈#
.......h#####
..###... ##.†
#.. #.. ...


You could see a frost giant (very poisoned), a death yak (very poisoned) and a
wolf.

Vanquished Creatures
  A rakshasa (D:10)
  2 two-headed ogres
  2 death yaks (IceCv)
  The ghost of AbbaRin the Thaumaturge, a novice DECj of Sif Muna (D:9)
  An ugly thing (IceCv)
  2 cyclopes (D:11)
  9 elephants
  2 black mambas
  2 cane toads
  2 komodo dragons
  Jeremiah (D:8)
  A rime drake (IceCv)
  A kobold demonologist (D:11)
  3 trolls
  4 polar bears (IceCv)
  A hornet (D:11)
  A wyvern (Lair:1)
  2 shadows
  3 wraiths
  21 yaks
  An acid dragon (D:10)
  Duvessa (D:5)
  6 water moccasins
  A sky beast (D:6)
  4 orc warriors
  4 black bears
  An ice beast (D:7)
  2 centaurs
  7 ogres
  6 wolves
  A phantom (D:5)
  5 kobold brigands
  4 bullfrogs
  2 gnoll sergeants
  6 scorpions
  11 wights
  Dowan (D:5)
  36 killer bees
  12 howler monkeys
  A crimson imp (D:4)
  A bombardier beetle (D:5)
  12 orc priests
  10 hounds
  A gnoll bouda (D:6)
  7 iguanas
  10 orc wizards
  8 adders
  11 gnolls
  3 white imps
  4 ufetubi
  5 dart slugs
  A ribbon worm (D:6)
  34 orcs
  8 endoplasms
  A giant cockroach (D:3)
  5 goblins
  10 hobgoblins
  3 jackals (D:2)
  2 quokkas
  5 bats
  3 frilled lizards
  16 kobolds
  8 rats
342 creatures vanquished.

Vanquished Creatures (collateral kills)
  A death yak (IceCv)
  2 rime drakes (IceCv)
  A polar bear (IceCv)
  4 yaks
  A water moccasin (Lair:1)
  2 wolves
  A bullfrog (Lair:2)
  A wight (D:10)
  A jelly (D:7)
14 creatures vanquished.

Grand Total: 356 creatures vanquished

Notes
Turn   | Place    | Note
-------+----------+-------------------------------------------
     0 | D:1      | firemarshallily the Barachi Fighter began the quest for the
                  | Orb.
     0 | D:1      | Reached XP level 1. HP: 18/18 MP: 1/1
    70 | D:1      | Reached XP level 2. HP: 24/25 MP: 2/2
   137 | D:1      | Reached skill level 4 in Fighting
   139 | D:1      | Found a faded altar of an unknown god.
   157 | D:1      | Prayed at the altar of an unknown god.
   157 | D:1      | Became a worshipper of the Shining One
   157 | D:1      | Reached * piety under the Shining One
   350 | D:1      | Reached XP level 3. HP: 28/30 MP: 3/3
  1152 | D:3      | Found a glowing golden altar of the Shining One.
  1192 | D:3      | Reached ** piety under the Shining One
  1196 | D:3      | Reached XP level 4. HP: 38/38 MP: 4/4
  1376 | D:3      | Found Adik's Book Emporium.
  1891 | D:4      | Reached skill level 5 in Fighting
  1891 | D:4      | Reached XP level 5. HP: 44/44 MP: 5/5
  2041 | D:4      | Reached skill level 5 in Shields
  2041 | D:4      | Reached XP level 6. HP: 29/50 MP: 3/6
  2684 | D:4      | Reached skill level 6 in Fighting
  2684 | D:4      | Reached XP level 7. HP: 52/58 MP: 5/7
  2770 | D:5      | Entered Level 5 of the Dungeon
  2988 | D:5      | Reached skill level 5 in Armour
  3193 | D:5      | Reached skill level 7 in Fighting
  3458 | D:5      | Reached XP level 8. HP: 52/67 MP: 4/8
  3859 | D:5      | Noticed Duvessa
  3859 | D:5      | Noticed Dowan
  3874 | D:5      | Killed Duvessa
  3882 | D:5      | Killed Dowan
  3883 | D:5      | Reached skill level 8 in Fighting
  4527 | D:3      | Bought a book of Callings for 242 gold pieces
  4529 | D:3      | Learned a level 1 spell: Summon Small Mammal
  4821 | D:6      | Found a snail-covered altar of Cheibriados.
  4862 | D:6      | Reached *** piety under the Shining One
  5025 | D:6      | Reached skill level 5 in Polearms
  5025 | D:6      | Reached skill level 1 in Spellcasting
  5279 | D:6      | Reached skill level 9 in Fighting
  5290 | D:6      | Reached XP level 9. HP: 58/76 MP: 9/11
  5406 | D:6      | Reached skill level 1 in Dodging
  5464 | D:6      | Gained mutation: You have large cloven feet. [potion of
                  | mutation]
  5464 | D:6      | Gained mutation: You have a pair of small antennae on your
                  | head. [potion of mutation]
  5464 | D:6      | Gained mutation: You are frail. (-10% HP) [potion of
                  | mutation]
  5583 | D:6      | Noticed a troll
  5600 | D:6      | Killed a troll
  5601 | D:6      | Reached skill level 10 in Fighting
  5911 | D:6      | Reached skill level 1 in Summonings
  5995 | D:6      | Reached XP level 10. HP: 60/77 MP: 12/15
  6993 | D:7      | Reached **** piety under the Shining One
  6994 | D:7      | Found a transporter.
  7007 | D:7      | Noticed a six-headed hydra
  7014 | D:7      | Noticed turdburglar's ghost (novice DrSh)
  7020 | D:7      | Noticed a moth of wrath
  7027 | D:7      | Found a transporter.
  7303 | D:7      | Reached skill level 11 in Fighting
  7593 | D:7      | Found a staircase to the Ecumenical Temple.
  7871 | D:8      | Noticed a two-headed ogre
  7891 | D:8      | Killed a two-headed ogre
  8068 | D:8      | Noticed an elephant
  8123 | D:8      | Killed an elephant
  8347 | D:8      | Reached XP level 11. HP: 55/85 MP: 11/18
  8438 | D:8      | Learned a level 3 spell: Call Canine Familiar
  8470 | D:8      | Found a staircase to the Lair.
  8480 | D:8      | Reached skill level 5 in Spellcasting
  8500 | D:8      | Noticed Jeremiah
  8520 | D:8      | Killed Jeremiah
  8521 | D:8      | Reached skill level 12 in Fighting
  9655 | D:9      | Identified the ring of Feypoilic {Ice Str-3 Int+3 Dex+2}
  9851 | D:9      | Reached ***** piety under the Shining One
  9938 | D:9      | Found a shadowy altar of Dithmenos.
  9953 | D:9      | Reached skill level 5 in Summonings
 10452 | D:9      | Found a runed translucent gate.
 10452 | D:9      | Found a runed translucent gate.
 10483 | D:9      | Found a runed translucent gate.
 10484 | D:9      | Noticed AbbaRin's ghost (novice DECj)
 10709 | D:10     | Entered Level 10 of the Dungeon
 10755 | D:10     | Found Gugef's Assorted Antiques.
 10788 | D:10     | Bought a potion of heal wounds for 160 gold pieces
 10788 | D:10     | Bought a viscous red potion for 28 gold pieces
 10788 | D:10     | Bought a scroll labelled DAFOCR VEUFIS for 32 gold pieces
 10788 | D:10     | Bought a scroll of identify for 64 gold pieces
 11049 | D:10     | Found a hide-covered altar of Uskayaw.
 11089 | D:10     | Found Roaref's Distillery.
 11109 | D:10     | Bought a potion of mutation for 128 gold pieces
 11109 | D:10     | Lost mutation: You are frail. (-10% HP) [potion of
                  | mutation]
 11109 | D:10     | Lost mutation: You have a pair of small antennae on your
                  | head. [potion of mutation]
 11109 | D:10     | Lost mutation: You have large cloven feet. [potion of
                  | mutation]
 11109 | D:10     | Gained mutation: You are robust. (+10% HP) [potion of
                  | mutation]
 11176 | D:10     | Found a radiant altar of Vehumet.
 11238 | D:10     | Found an ornate altar of the Wu Jian Council.
 11260 | D:10     | Noticed a four-headed hydra
 11260 | D:10     | Noticed a boulder beetle
 11260 | D:10     | Noticed a rakshasa
 11619 | D:11     | Noticed a sun demon
 11894 | D:11     | Noticed a cyclops
 11915 | D:11     | Killed a cyclops
 11915 | D:11     | Noticed a two-headed ogre
 11916 | D:11     | Reached skill level 13 in Fighting
 11930 | D:11     | Noticed a cyclops
 11943 | D:11     | Killed a cyclops
 11944 | D:11     | Reached skill level 10 in Polearms
 12194 | D:11     | Killed a two-headed ogre
 12195 | D:11     | Reached XP level 12. HP: 89/115 MP: 13/21
 12485 | D:11     | Reached skill level 10 in Armour
 12876 | D:10     | Killed a rakshasa
 12880 | D:10     | Noticed a centaur warrior
 13162 | D:9      | Killed AbbaRin's ghost
 13398 | Lair:1   | Entered Level 1 of the Lair of Beasts
 13783 | Lair:1   | Reached skill level 14 in Fighting
 15449 | Lair:2   | Identified the +2 hand axe of Qiging {heavy, rElec Will+
                  | Int+2}
 15463 | Lair:2   | Noticed a death yak
 15463 | Lair:2   | Noticed a death yak
 15463 | Lair:2   | Noticed a death yak
 15463 | Lair:2   | Noticed a death yak
 15724 | Lair:3   | Found a frozen archway.
 15965 | IceCv    | Entered an ice cave
 16208 | IceCv    | Noticed a death yak
 16230 | IceCv    | Gained mutation: You can hop long distances. [Barachi
                  | growth]
 16230 | IceCv    | Reached XP level 13. HP: 86/125 MP: 12/24
 16233 | IceCv    | Reached skill level 15 in Fighting
 16773 | IceCv    | Noticed a frost giant
 16797 | IceCv    | Succumbed to their own poison gas

Illustrated notes

Levels and vault maps discovered:
D:1:      saegor_arrival_simple_e, layout_rooms,
          hellmonk_ecumenical_altar_arch_garden
D:2:      layout_rooms
D:3:      layout_basic, lemuel_tele_altar, serial_shops, shop
D:4:      layout_basic, minmay_fire_ice_demons
D:5:      layout_gridville, uniq_duvessa
D:6:      lemuel_castle_with_subvaults [lemuel_castle_interior_original],
          layout_loops_ring, cheibrodos_worm_habitat, kennysheep_nub
D:7:      layout_rooms, lemuel_temple_firewalk_b,
          gammafunk_ghost_berserking_beasts
D:8:      layout_basic, grunt_lair_entry_orc_guard_hut, minmay_misc_feat_tower,
          chequers_serial_rivers_micro_e, uniq_jeremiah
D:9:      wad_woods_minihive, layout_small_grid,
          nicolae_dithmenos_shadow_blocks, gammafunk_ghost_spectres
D:10:     minmay_shrinking_squares, layout_irregular_city,
          mainiacjoe_overflow_brackets, general_overflow_altar, minitemple,
          nicolae_trove_entry_crystal, serial_shops, shop, shop
D:11:     layout_roguey
Lair:1:   layout_layer_cave
Lair:2:   layout_chaotic_city, skrybe_swamp_entry_bodies, spider_nest_entry_a,
          grunt_megastairs_5, serial_bayou_shore_b, infiniplex_staircase_pool
Lair:3:   layout_roguey, hellmonk_ghost_happy_afterlife, basic_altar,
          portal_ice_cave_entry_pillars_1
IceCv:    ice_cave_small_giant

Skill      XL: |  1  2  3  4  5  6  7  8  9 10 11 12 13 |
---------------+----------------------------------------+-----
Fighting       | 4 5 6 7 9 10 11 13 14 15 | 15.3
Shields        | 4 5 6 |  6.0
Armour         | 4 5 6 7 8 9 11 | 11.3
Polearms       | 3 4 5 7 8 10 11 12 | 12.1
Spellcasting   | 1 3 4 6 7 |  7.8
Dodging        | 1 |  1.6
Summonings     | 1 4 5 6 |  6.0

Action                     |  1- 3 |  4- 6 |  7- 9 | 10-12 | 13-15 || total
---------------------------+-------+-------+-------+-------+-------++-------
  Melee: Trident           |   104 |   131 |   431 |   947 |    70 ||  1683
  Throw: Boomerang         |       |       |    17 |    22 |     4 ||    43
         Dart              |       |       |       |    35 |     3 ||    38
         Throwing net      |       |       |       |     1 |       ||     1
   Cast: Summon Small Mamm |       |       |     5 |    41 |     1 ||    47
         Call Canine Famil |       |       |       |    30 |     4 ||    34
 Invoke: Divine Shield     |       |       |       |     3 |       ||     3
Ability: Hop               |     3 |       |     1 |     5 |     1 ||    10
  Evoke: Wand              |       |       |       |     2 |       ||     2
    Use: Potion            |       |       |     8 |     7 |     9 ||    24
         Scroll            |       |       |       |    19 |     2 ||    21
 Armour: Scale mail        |    40 |    56 |   257 |   642 |       ||   995
         Leather armour    |       |       |       |    19 |    49 ||    68
  Dodge: Dodged            |    38 |    36 |   132 |   379 |    26 ||   611
  Block: Buckler           |    16 |    19 |    95 |   256 |    12 ||   398
